Map: Shipwrecked LE

Players

llllllllllll - Winner!

  • Race: Protoss Protoss
  • Spawn Location: 11:00

Alebay - Winner!

  • Race: Protoss Protoss
  • Spawn Location: 12:00

PiPuxD - Winner!

  • Race: Terran Terran
  • League: Gold
  • Spawn Location: 9:00

MattBarry - Winner!

  • Race: Zerg Zerg
  • League: Gold
  • Spawn Location: 9:00

tomc

  • Race: Protoss Protoss
  • Spawn Location: 5:00

Meng

  • Race: Terran Terran
  • Spawn Location: 5:00

muskrat

  • Race: Zerg Zerg
  • Spawn Location: 3:00

diplomacy

  • Race: Terran Terran
  • League: Diamond
  • Spawn Location: 6:00

VOD

Have the link to the VOD?

Description

Time

  • Played on: Feb. 14, 2023, 2:53 a.m.
  • Length: 24:12
Show
View Real Time Build Order
Export as new Build Order

llllllllllll Protoss - Winner!

Build Orders: 1 Gate Expand, Oracle Opening, Carriers, Mass Phoenix 

Get SALT Encoding   

  12  0:00  Probe  
  13  0:12  Probe  
  14  0:18  Pylon  
  14  0:24  Probe  
  15  0:36  Probe  
  15  0:42  Gateway  
  16  0:45  Assimilator  
  16  0:48  Probe (Chrono Boost)  
  17  1:01  Probe (Chrono Boost)  
  18  1:06  Probe (Chrono Boost)  
  19  1:15  Probe  
  20  1:26  Nexus  
  20  1:38  Cybernetics Core  
  20  1:44  Assimilator  
  20  1:47  Probe  
  20  1:51  Pylon  
  21  2:00  Probe  
  22  2:12  Probe  
  23  2:16  Adept  
  25  2:24  Probe  
  25  2:26  Stargate  
  26  2:36  Probe  
  27  2:42  Probe  
  28  2:48  Probe  
  29  2:54  Probe  
  30  2:59  Assimilator  
  30  3:00  Probe  
  31  3:07  Probe  
  31  3:11  Oracle (Chrono Boost)  
  31  3:12  Probe  
  36  3:19  Probe  
  37  3:24  Probe  
  38  3:31  Probe  
  38  3:33  Pylon  
  39  3:36  Probe  
  39  3:39  Assimilator  
  40  3:43  Probe  
  40  3:45  Oracle (Chrono Boost)  
  44  3:48  Pylon  
  44  3:49  Shield Battery  
  44  3:53  Probe  
  45  3:56  Stargate  
  45  4:07  Probe x2  
  47  4:15  Phoenix (Chrono Boost)  
  49  4:19  Probe x2  
  49  4:21  Pylon  
  49  4:22  Pylon  
  45  4:35  Probe x2  
  45  4:37  Phoenix (Chrono Boost)  
  49  4:43  Phoenix (Chrono Boost)  
  51  4:47  Probe x2  
  51  4:51  Forge  
  53  4:55  Phoenix  
  53  4:59  Probe x2  
  57  5:01  Pylon  
  57  5:08  Phoenix  
  57  5:11  Probe x2  
  57  5:12  Stargate  
  61  5:20  Phoenix  
  63  5:23  Probe  
  63  5:24  Probe  
  63  5:27  Pylon  
  65  5:29  Photon Cannon  
  65  5:33  Phoenix  
  67  5:35  Probe  
  67  5:36  Probe  
  69  5:45  Phoenix  
  68  6:05  Probe x2  
  68  6:08  Fleet Beacon  
  68  6:10  Photon Cannon  
  70  6:12  Nexus  
  70  6:13  Phoenix x2  
  70  6:14  Pylon  
  70  6:17  Phoenix  
  76  6:31  Probe x2  
  78  6:38  Photon Cannon  
  78  6:40  Photon Cannon  
  78  6:42  Photon Cannon  
  78  6:43  Probe x2  
  80  6:49  Anion Pulse-Crystals (Chrono Boost)  
  80  6:56  Pylon  
  80  6:57  Photon Cannon, Probe  
  80  6:58  Probe  
  80  7:00  Assimilator  
  82  7:02  Phoenix x2  
  82  7:05  Assimilator  
  86  7:12  Probe x2  
  86  7:14  Protoss Air Weapons Level 1 (Chrono Boost)  
  88  7:15  Phoenix  
  88  7:18  Photon Cannon  
  88  7:20  Pylon  
  88  7:21  Protoss Shields Level 1 (Chrono Boost)  
  90  7:28  Probe x2  
  92  7:34  Phoenix  
  94  7:39  Phoenix  
  94  7:42  Probe x3  
  99  7:46  Pylon  
  99  7:58  Phoenix  
  96  8:06  Phoenix  
  94  8:14  Probe x2  
  96  8:21  Phoenix  
  96  8:24  Nexus  
  96  8:31  Phoenix x2  
  100  8:35  Pylon  
  100  8:47  Phoenix (Chrono Boost)  
  98  8:55  Phoenix (Chrono Boost)  
  98  8:56  Phoenix (Chrono Boost)  
  98  9:01  Probe x3  
  107  9:11  Assimilator  
  107  9:13  Assimilator  
  109  9:27  Carrier x3  
  109  9:29  Stargate  
  121  9:41  Stargate  
  121  9:44  Pylon  
  121  9:49  Robotics Facility  
  121  9:55  Cybernetics Core  
  121  10:08  Pylon  
  121  10:11  Twilight Council  
  121  10:15  Protoss Air Weapons Level 2 (Chrono Boost)  
  121  10:19  Carrier  
  121  10:20  Photon Cannon  
  121  10:21  Photon Cannon  
  127  10:23  Photon Cannon  
  127  10:24  Photon Cannon  
  133  10:28  Carrier  
  133  10:31  Carrier  
  139  10:43  Protoss Air Armor Level 1 (Chrono Boost)  
  139  10:46  Photon Cannon, Carrier  
  145  10:50  Pylon  
  143  10:59  Carrier  
  143  11:03  Protoss Ground Weapons Level 1 (Chrono Boost)  
  149  11:04  Pylon  
  149  11:08  Charge  
  149  11:15  Gateway  
  155  11:25  Carrier, Nexus  
  155  11:29  Observer  
  155  11:32  Photon Cannon  
  156  11:39  Carrier  
  162  12:04  Carrier (Chrono Boost)  
  162  12:12  Carrier x2 (Chrono Boost)  
  166  12:16  Warp Gate (Chrono Boost)  
  166  12:21  Dark Shrine  
  160  12:32  Gateway  
  160  12:33  Gateway  
  160  12:36  Forge, Probe x3  
  163  12:47  Templar Archives  
  163  12:52  Assimilator  
  163  12:59  Carrier (Chrono Boost)  
  154  13:13  Carrier (Chrono Boost)  
  154  13:14  Carrier (Chrono Boost)  
  160  13:34  Carrier (Chrono Boost)  
  170  13:58  Void Ray  
  170  13:59  Psionic Storm  
  170  14:06  Shadow Stride  
  170  14:11  High Templar x3  
  170  14:12  High Templar  
  170  14:13  Probe x3  
  170  14:15  Assimilator  
  189  14:29  Void Ray x2  
  193  14:33  Void Ray  
  193  14:37  Archon x2  
  195  14:48  Void Ray  
  195  14:52  Dark Templar  
  195  14:53  Dark Templar  
  195  14:56  Probe  
  199  15:02  Protoss Ground Armor Level 1  
  199  15:03  Protoss Ground Weapons Level 2  
  199  15:04  Pylon  
  189  15:18  Carrier  
  185  15:24  Probe x3  
  183  15:45  Nexus  
  177  15:54  Dark Templar  
  177  15:55  Void Ray, Dark Templar  
  179  16:18  Void Ray  
  183  16:44  Carrier x2  
  169  17:02  Carrier  
Show
View Real Time Build Order
Export as new Build Order

Alebay Protoss - Winner!

Build Orders: 1 Gate Expand 

Get SALT Encoding   

  12  0:00  Probe  
  13  0:12  Probe  
  14  0:18  Pylon  
  14  0:24  Probe  
  15  0:37  Gateway  
  15  0:38  Probe  
  16  0:47  Assimilator  
  16  0:50  Probe  
  17  1:02  Probe  
  18  1:14  Probe  
  19  1:27  Probe  
  20  1:34  Nexus  
  20  1:40  Pylon  
  20  1:41  Probe  
  21  1:49  Cybernetics Core  
  21  1:53  Probe  
  22  2:01  Assimilator  
  22  2:05  Probe  
  23  2:12  Gateway  
  23  2:17  Probe  
  24  2:23  Adept (Chrono Boost)  
  24  2:26  Warp Gate (Chrono Boost)  
  26  2:33  Probe  
  27  2:46  Stalker  
  27  2:49  Probe x2  
  31  2:59  Adept  
  31  3:01  Probe x2  
  35  3:13  Probe x2  
  35  3:19  Stalker  
  39  3:25  Probe x2  
  41  3:31  Stalker  
  43  3:37  Probe  
  43  3:38  Pylon, Probe  
  45  3:42  Pylon  
  45  3:49  Probe  
  45  3:52  Gateway  
  45  3:53  Gateway  
  46  3:56  Probe  
  48  4:02  Probe  
  48  4:08  Probe  
  44  4:18  Pylon  
  44  4:32  Probe x2  
  44  4:37  Stalker x2  
  50  4:44  Probe x2  
  52  4:46  Forge  
  52  4:47  Gateway  
  52  4:49  Stalker x2  
  55  4:56  Probe x2  
  53  5:10  Shield Battery  
  53  5:13  Stalker x3  
  59  5:17  Probe x2  
  61  5:32  Photon Cannon x2  
  61  5:37  Pylon  
  61  5:38  Stalker x2  
  61  5:41  Probe x2  
  67  5:48  Pylon  
  67  5:53  Probe x2  
  67  5:55  Assimilator  
  69  5:57  Photon Cannon  
  69  6:07  Assimilator  
  69  6:08  Probe x2  
  71  6:16  Photon Cannon  
  71  6:18  Shield Battery  
  71  6:20  Stalker x2  
  75  6:26  Protoss Ground Armor Level 1 (Chrono Boost)  
  75  6:38  Probe x2  
  77  6:50  Pylon  
  77  6:51  Pylon  
  77  6:55  Twilight Council  
  77  7:17  Stalker x5  
  87  7:26  Nexus  
  87  7:27  Pylon  
  87  7:28  Blink (Chrono Boost)  
  87  7:29  Pylon  
  87  7:32  Forge  
  87  7:34  Gateway  
  87  7:35  Gateway  
  87  7:48  Stalker x3  
  93  8:19  Protoss Ground Weapons Level 1 (Chrono Boost)  
  93  8:20  Stalker x5  
  93  8:21  Protoss Ground Armor Level 2 (Chrono Boost)  
  103  8:27  Probe x2  
  105  8:40  Probe x2  
  105  8:41  Probe  
  108  8:49  Stalker x3  
  108  8:50  Stalker x2  
  118  8:56  Pylon  
  118  9:05  Stalker x2  
  123  9:10  Probe x3  
  125  9:22  Probe x3  
  122  9:34  Probe  
  115  9:49  Probe x3  
  118  10:01  Probe x3  
  121  10:07  Stalker x5  
  121  10:08  Stalker x2  
  121  10:13  Probe x3  
  138  10:17  Protoss Ground Weapons Level 2 (Chrono Boost)  
  138  10:20  Assimilator  
  138  10:24  Assimilator  
  138  10:31  Protoss Shields Level 1 (Chrono Boost), Shield Battery  
  138  10:33  Stalker, Shield Battery  
  140  10:38  Pylon  
  140  10:43  Pylon  
  140  10:44  Pylon  
  140  10:47  Pylon  
  140  10:50  Pylon  
  140  10:52  Photon Cannon  
  140  10:53  Photon Cannon  
  140  10:54  Photon Cannon  
  140  10:57  Shield Battery  
  140  10:58  Stalker  
  140  10:59  Stalker x3  
  140  11:04  Probe x3  
  151  11:27  Charge  
  151  11:37  Photon Cannon  
  151  11:39  Photon Cannon  
  151  11:41  Shield Battery  
  151  11:44  Shield Battery  
  147  11:49  Nexus  
  147  11:51  Pylon  
  147  11:52  Pylon  
  77  12:59  Protoss Ground Weapons Level 3 (Chrono Boost)  
  77  13:00  Protoss Ground Armor Level 3 (Chrono Boost)  
  77  13:05  Stalker x2  
  73  13:06  Stalker x5  
  46  13:44  Gateway  
  46  13:45  Gateway  
  46  13:48  Gateway  
  45  13:52  Gateway  
  45  13:54  Gateway  
  45  13:56  Gateway, Stalker  
  45  13:57  Stalker x6  
  45  13:58  Pylon  
  45  13:59  Pylon  
  45  14:00  Pylon  
  59  14:15  Probe x3  
  62  14:27  Probe x2  
  62  14:28  Probe  
  65  14:35  Stalker  
  65  14:36  Stalker x6  
  78  14:39  Probe  
  39  15:07  Stalker  
  39  15:08  Stalker x6  
  39  15:09  Stalker x5  
  39  15:10  Stalker  
  65  15:14  Probe (Chrono Boost)  
  65  15:24  Probe (Chrono Boost)  
  64  15:29  Probe (Chrono Boost)  
  61  15:56  Probe (Chrono Boost)  
  62  15:59  Nexus  
  62  16:05  Probe (Chrono Boost)  
  63  16:34  Stalker x5  
  63  16:35  Stalker x6  
  63  16:36  Stalker  
  87  16:46  Probe x2  
  89  16:47  Probe  
  90  16:58  Probe x2  
  90  16:59  Probe  
  93  17:02  Stalker x4  
  93  17:03  Stalker x3  
  107  17:09  Pylon  
  107  17:11  Probe  
  108  17:22  Stalker x2  
  100  18:06  Stalker x7  
  100  18:07  Stalker x3  
  100  18:08  Protoss Shields Level 2 (Chrono Boost)  
  120  18:14  Probe x4  
  120  18:18  Assimilator  
  124  18:30  Shield Battery  
  124  18:31  Shield Battery  
  124  18:34  Stalker x3  
  124  18:35  Stalker x4  
  110  19:15  Stalker x3  
  110  19:16  Stalker x7  
  110  19:17  Stalker x2  
  65  20:01  Stalker  
  65  20:02  Stalker x7  
  65  20:03  Stalker x3  
  87  20:31  Stalker  
  87  20:32  Stalker x7  
  87  20:33  Stalker  
  99  20:43  Probe x4  
  91  20:55  Probe x2  
  85  21:30  Stalker x4  
  85  21:31  Stalker x2  
  79  21:54  Stalker x2  
  61  22:25  Nexus  
  61  22:29  Pylon  
  61  22:30  Pylon  
  61  22:34  Pylon  
  61  22:36  Pylon  
  54  22:52  Stalker x6  
  54  22:53  Stalker x4  
  46  23:43  Probe x3  
  49  23:55  Probe  
Show
View Real Time Build Order
Export as new Build Order

PiPuxD Terran - Winner!

Build Orders: Reaper Expand 

Get SALT Encoding   

  12  0:00  SCV  
  13  0:12  SCV  
  14  0:17  Supply Depot  
  14  0:24  SCV  
  15  0:39  SCV  
  15  0:41  Barracks  
  16  0:47  Refinery  
  16  0:51  SCV  
  17  1:03  SCV  
  18  1:15  SCV  
  19  1:27  Orbital Command  
  19  1:31  Reaper  
  20  1:43  Command Center  
  20  1:53  SCV  
  21  1:58  Refinery  
  21  2:07  SCV  
  22  2:19  SCV  
  23  2:23  Factory  
  23  2:28  Supply Depot  
  23  2:50  Marine, SCV  
  25  2:56  Orbital Command  
  25  3:02  SCV  
  26  3:08  Factory Tech Lab  
  26  3:10  Starport  
  26  3:14  Armory  
  26  3:15  SCV  
  26  3:16  Armory  
  27  3:24  SCV  
  28  3:27  SCV  
  28  3:28  Hellion  
  28  3:31  Refinery  
  31  3:40  SCV x2  
  33  3:49  Fusion Core  
  33  3:52  SCV x2  
  34  4:04  SCV x2  
  34  4:07  Marine  
  37  4:16  Viking  
  39  4:19  Engineering Bay  
  39  4:21  Terran Ship Weapons Level 1  
  39  4:22  Terran Vehicle And Ship Armor Level 1  
  39  4:24  SCV x2  
  39  4:25  Refinery  
  41  4:36  SCV  
  41  4:37  SCV  
  43  4:49  SCV x2  
  45  5:01  SCV  
  46  5:11  Command Center  
  46  5:12  Supply Depot  
  46  5:14  Supply Depot  
  46  5:15  Weapon Refit  
  46  5:17  Supply Depot  
  46  5:23  Starport  
  46  5:33  Missile Turret, Liberator, SCV x2  
  46  5:35  Missile Turret  
  51  5:59  Starport Tech Lab  
  51  6:05  SCV x2  
  53  6:17  SCV x2  
  61  6:18  Battlecruiser  
  61  6:19  Battlecruiser  
  67  6:36  Planetary Fortress  
  67  6:54  Refinery  
  67  6:55  SCV x2  
  69  7:03  Terran Ship Weapons Level 2  
  69  7:04  Terran Vehicle And Ship Armor Level 2  
  69  7:07  SCV x2  
  71  7:15  Supply Depot  
  71  7:17  Supply Depot, SCV  
  71  7:19  SCV x2  
  74  7:27  Battlecruiser  
  74  7:29  SCV  
  81  7:37  Refinery  
  81  7:42  Battlecruiser  
  87  7:50  SCV x3  
  90  8:01  Starport  
  90  8:11  SCV x3  
  93  8:17  Command Center  
  93  8:22  Command Center  
  93  8:23  SCV x3  
  96  8:31  Battlecruiser  
  102  8:47  Battlecruiser  
  108  9:02  Starport Tech Lab  
  103  9:28  Battlecruiser  
  109  9:38  Battlecruiser  
  108  10:01  Refinery  
  108  10:02  Orbital Command x2, Command Center  
  114  10:07  Battlecruiser  
  114  10:21  Terran Ship Weapons Level 3  
  114  10:22  Terran Vehicle And Ship Armor Level 3  
  114  10:33  Battlecruiser  
  120  10:44  Supply Depot  
  120  10:46  Supply Depot  
  120  10:49  Battlecruiser  
  126  11:14  Battlecruiser  
  132  11:45  Battlecruiser  
  102  12:21  Battlecruiser  
  102  12:22  Battlecruiser  
  94  12:51  Battlecruiser  
  94  13:26  Battlecruiser  
  85  13:37  Battlecruiser  
  89  14:00  Battlecruiser  
  95  14:30  Battlecruiser  
  55  15:27  Battlecruiser x2  
  61  15:41  Battlecruiser  
  67  16:32  Battlecruiser  
  73  17:16  Battlecruiser  
  79  18:18  Battlecruiser x2  
  91  18:20  Battlecruiser  
  97  19:22  Battlecruiser x2  
  109  19:24  Battlecruiser  
  115  20:26  Battlecruiser x2  
  131  20:28  Battlecruiser  
  131  21:44  Battlecruiser x2  
  143  22:49  Command Center  
Show
View Real Time Build Order
Export as new Build Order

MattBarry Zerg - Winner!

Build Orders: Pool First 

Get SALT Encoding   

  12  0:00  Drone  
  13  0:15  Drone  
  13  0:20  Extractor  
  13  0:22  Extractor  
  13  0:23  Drone x2  
  15  0:43  Spawning Pool  
  15  0:45  Overlord  
  14  1:04  Extractor, Drone x3  
  17  1:18  Drone  
  18  1:33  Zergling x2, Queen  
  21  1:43  Metabolic Boost  
  21  1:44  Zergling x2  
  22  1:50  Overlord  
  22  1:54  Evolution Chamber  
  22  1:59  Zergling x2, Extractor  
  21  2:09  Zergling x2  
  23  2:27  Hatchery  
  22  2:32  Zergling x2  
  22  2:33  Zergling x2  
  24  2:46  Zergling x6  
  27  2:51  Queen  
  27  2:55  Drone  
  30  3:16  Extractor  
  30  3:19  Baneling Nest  
  27  3:36  Drone x3  
  27  3:38  Drone  
  27  3:39  Drone x2  
  33  3:45  Overlord  
  32  4:06  Zergling x10  
  36  4:21  Drone  
  36  4:22  Drone x3  
  40  4:27  Queen  
  42  4:45  Zerg Melee Weapons Level 1, Drone x2  
  42  4:46  Drone  
  42  4:47  Overlord  
  44  5:07  Drone x2  
  44  5:08  Drone x5  
  51  5:20  Drone  
  52  5:22  Overlord  
  42  5:57  Drone  
  42  5:58  Drone x6  
  42  6:04  Spore Crawler  
  48  6:05  Spore Crawler  
  48  6:07  Spore Crawler x2  
  45  6:16  Overlord x2  
  45  6:20  Roach Warren  
  45  6:21  Lair  
  44  6:29  Pneumatized Carapace  
  44  6:30  Overlord  
  44  6:57  Zerg Ground Armor Level 1  
  44  7:00  Evolution Chamber  
  43  7:03  Evolution Chamber  
  42  7:12  Queen  
  44  7:17  Hatchery  
  43  7:25  Queen  
  43  7:28  Zerg Missile Weapons Level 1  
  45  7:33  Zergling x2  
  45  7:34  Zergling x4  
  48  7:38  Zergling x4  
  48  7:39  Zergling x6  
  48  7:41  Overseer  
  48  7:42  Overseer  
  53  8:01  Extractor  
  53  8:03  Extractor  
  41  8:23  Overlord x2  
  34  8:45  Drone  
  34  8:46  Drone x22  
  39  8:56  Drone x4  
  40  9:20  Drone x3  
  40  9:21  Drone x8  
  50  9:43  Roach x2  
  50  9:44  Roach x3  
  59  9:47  Zergling x2  
  60  10:16  Hatchery  
  60  10:18  Drone  
  60  10:19  Overlord  
  60  10:20  Hydralisk Den  
  59  10:39  Overlord  
  59  10:40  Overlord x2  
  58  11:16  Drone x3  
  58  11:17  Drone, Overlord x2  
  58  11:18  Drone x6  
  68  11:34  Queen  
  68  11:35  Queen x2  
  68  11:36  Drone  
  68  11:37  Drone x4  
  77  12:04  Zergling x2  
  78  12:12  Drone  
  78  12:13  Drone x7  
  74  12:30  Drone x5  
  74  12:31  Drone  
  80  12:50  Overlord x3  
  80  13:16  Hatchery  
  79  13:25  Hatchery  
  73  14:16  Spire  
  64  14:22  Infestation Pit  
  62  15:20  Overlord x3  
  61  15:38  Overlord x2  
  61  15:39  Corruptor  
  57  18:19  Hatchery  
  55  18:28  Overlord x5  
  55  18:29  Overlord x2  
  55  18:30  Hatchery  
  53  18:57  Hatchery  
  52  19:55  Drone  
  53  20:18  Corruptor  
  53  20:19  Corruptor x5  
  53  20:20  Corruptor x6  
  53  20:21  Corruptor x3  
  79  21:48  Extractor  
  79  21:53  Corruptor x3  
  79  21:54  Corruptor x6  
  80  21:55  Corruptor  
  98  22:01  Queen  
  98  22:02  Queen  
  102  23:06  Corruptor x3, Overlord x2  
  100  23:34  Corruptor, Overlord x2  
Show
View Real Time Build Order
Export as new Build Order

tomc Protoss 

Build Orders: Oracle Opening 

Get SALT Encoding   

  12  0:01  Probe  
  13  0:13  Probe  
  14  0:18  Pylon  
  14  0:25  Probe  
  15  0:37  Gateway  
  15  0:39  Probe (Chrono Boost)  
  16  0:49  Probe (Chrono Boost)  
  17  0:51  Assimilator  
  17  0:54  Probe (Chrono Boost)  
  18  1:05  Probe (Chrono Boost)  
  19  1:17  Probe (Chrono Boost)  
  19  1:18  Assimilator  
  20  1:27  Probe  
  21  1:34  Cybernetics Core  
  21  1:50  Nexus  
  22  1:54  Probe  
  22  2:00  Pylon  
  22  2:17  Adept (Chrono Boost)  
  22  2:20  Stargate  
  24  2:23  Probe  
  25  2:35  Probe  
  26  2:47  Warp Gate, Probe  
  26  2:58  Forge  
  26  2:59  Probe  
  26  3:05  Oracle (Chrono Boost)  
  27  3:12  Probe (Chrono Boost)  
  32  3:14  Probe (Chrono Boost)  
  32  3:22  Assimilator  
  33  3:27  Probe (Chrono Boost)  
  33  3:28  Probe (Chrono Boost)  
  34  3:35  Oracle  
  37  3:43  Probe  
  37  3:45  Pylon  
  37  3:48  Probe  
  39  3:55  Probe  
  40  4:00  Probe  
  41  4:07  Probe  
  40  4:12  Probe  
  45  4:18  Void Ray  
  45  4:19  Probe  
  46  4:24  Probe  
  47  4:31  Assimilator, Probe  
  47  4:32  Photon Cannon  
  47  4:36  Probe  
  47  4:37  Pylon  
  49  4:44  Probe  
  50  4:48  Protoss Air Weapons Level 1 (Chrono Boost)  
  50  4:49  Stargate  
  50  4:58  Phoenix (Chrono Boost)  
  52  5:11  Probe x2  
  51  5:15  Stargate  
  51  5:17  Phoenix (Chrono Boost)  
  53  5:24  Probe x2  
  55  5:33  Phoenix  
  57  5:37  Probe x2  
  57  5:38  Phoenix  
  61  5:46  Photon Cannon  
  61  5:49  Pylon, Probe  
  62  5:50  Pylon  
  62  6:06  Twilight Council  
  62  6:07  Phoenix, Probe x2  
  62  6:09  Phoenix  
  68  6:17  Nexus  
  68  6:19  Pylon  
  68  6:29  Probe x2  
  68  6:32  Phoenix  
  72  6:34  Phoenix  
  72  6:39  Phoenix  
  76  6:41  Probe  
  76  6:44  Probe  
  78  6:50  Assimilator  
  78  6:51  Charge (Chrono Boost)  
  78  6:53  Probe  
  79  6:56  Assimilator, Probe  
  79  6:57  Phoenix  
  79  6:58  Pylon  
  82  7:05  Probe  
  83  7:08  Probe  
  83  7:09  Photon Cannon, Pylon  
  83  7:11  Protoss Air Armor Level 1 (Chrono Boost)  
  84  7:17  Probe  
  84  7:18  Photon Cannon  
  84  7:20  Probe  
  84  7:22  Protoss Ground Weapons Level 1 (Chrono Boost)  
  86  7:23  Phoenix x2  
  86  7:25  Phoenix  
  86  7:29  Probe  
  93  7:31  Photon Cannon  
  93  7:44  Photon Cannon, Probe x2  
  93  7:45  Probe  
  93  7:48  Phoenix  
  92  8:07  Phoenix  
  92  8:08  Phoenix  
  90  8:13  Phoenix  
  79  8:31  Zealot  
  79  8:32  Phoenix  
  79  8:33  Phoenix  
  77  8:37  Gateway  
  77  8:38  Phoenix  
  77  8:39  Gateway  
  79  8:41  Gateway  
  79  8:44  Gateway, Pylon  
  79  8:45  Gateway  
  79  8:57  Phoenix x2  
  83  9:03  Phoenix, Probe x3  
  83  9:05  Blink  
  88  9:13  Protoss Ground Armor Level 1 (Chrono Boost)  
  88  9:14  Zealot  
  88  9:15  Probe  
  88  9:17  Nexus  
  91  9:19  Pylon  
  91  9:20  Probe x2  
  91  9:21  Pylon  
  93  9:24  Templar Archives, Phoenix  
  93  9:25  Phoenix  
  93  9:27  Probe  
  98  9:34  Zealot x3  
  104  9:41  Zealot x3  
  110  9:48  Photon Cannon  
  110  9:50  Shield Battery  
  110  9:56  Zealot x3  
  115  10:18  Zealot  
  115  10:19  Zealot x5  
  127  10:22  Probe x3  
  130  10:32  Probe  
  130  10:34  Probe x2  
  133  10:36  Gateway  
  133  10:39  Gateway  
  133  10:41  Gateway  
  133  10:43  Robotics Facility  
  133  10:53  Stalker x2  
  133  10:54  Stalker x4  
  133  11:04  Assimilator  
  133  11:06  Gateway  
  133  11:07  Assimilator  
  133  11:10  Photon Cannon  
  133  11:17  High Templar x2  
  133  11:18  High Templar x4  
  145  11:21  Gateway  
  145  11:22  Archon  
  145  11:23  Archon x2  
  145  11:24  Pylon  
  145  11:30  Phoenix  
  145  11:31  Phoenix x2  
  145  11:32  Zealot  
  143  11:52  Stalker x4  
  143  11:53  Stalker x5  
  93  12:06  Zealot  
  67  12:26  Zealot x2  
  67  12:27  Zealot x5  
  67  12:28  Zealot x2  
  85  12:34  Immortal  
  87  12:51  High Templar x5  
  87  12:52  High Templar x3  
  87  12:57  Archon x3  
  103  12:59  Archon  
  103  13:05  Nexus  
  99  13:25  Zealot x2  
  99  13:26  Zealot x7  
  111  13:44  Pylon  
  111  13:46  Pylon, High Templar x6  
  111  13:47  High Templar x2  
  123  13:48  Zealot  
  123  13:52  Archon x3  
  123  13:53  Archon  
  125  14:15  Photon Cannon  
  125  14:18  Probe x3  
  125  14:19  Protoss Ground Weapons Level 2  
  130  14:30  Pylon, Probe x2  
  138  14:32  Void Ray x2  
  80  14:47  High Templar x4  
  80  14:48  Zealot x3  
  80  14:49  Zealot  
  92  15:09  Archon  
  92  15:10  Archon  
  92  15:12  Zealot x5  
  102  15:18  Gateway  
  102  15:25  Pylon  
  102  15:41  High Templar x4  
  102  15:42  High Templar x5  
  97  15:45  Archon x2  
  97  15:46  Archon x2  
  84  15:56  Shield Battery  
  80  15:57  Photon Cannon  
  80  15:58  Photon Cannon  
  80  16:00  Photon Cannon  
  80  16:01  Photon Cannon  
  59  16:15  Stalker x3  
  59  16:16  High Templar x3, Stalker  
  59  16:17  High Templar x3  
  78  16:21  Archon x2  
  78  16:22  Archon  
  75  16:30  Observer  
  52  16:39  Zealot  
  48  16:40  Zealot x2  
  52  16:55  Zealot x6  
  64  17:10  Zealot x2  
  64  17:11  Zealot  
  70  17:18  High Templar x5  
  80  17:27  Archon x2  
  80  17:28  High Templar  
  76  17:34  Archon  
  76  17:36  Zealot x3  
  43  18:32  Dark Shrine  
  43  18:41  Void Ray  
  47  18:57  Zealot x2  
  47  18:58  Zealot  
Show
View Real Time Build Order
Export as new Build Order

Meng Terran 

Build Orders:  

Get SALT Encoding   

  12  0:00  SCV  
  13  0:12  SCV  
  14  0:18  Supply Depot  
  14  0:24  SCV  
  15  0:40  SCV  
  15  0:42  Barracks  
  16  0:46  Refinery  
  16  0:52  SCV  
  17  1:04  SCV  
  18  1:16  SCV  
  20  1:34  Orbital Command, Marine  
  19  1:52  Marine  
  20  2:00  Command Center  
  20  2:03  SCV  
  20  2:07  Supply Depot  
  21  2:18  Factory  
  21  2:21  Marine  
  21  2:22  SCV  
  23  2:33  Bunker  
  23  2:34  SCV  
  24  2:43  Barracks  
  24  2:46  SCV  
  25  2:57  Refinery  
  25  2:58  SCV  
  26  3:04  Starport  
  26  3:05  Factory Reactor  
  26  3:09  Marine  
  27  3:15  SCV  
  27  3:19  Orbital Command  
  28  3:27  SCV  
  28  3:31  Marine  
  28  3:33  Marine  
  31  3:39  SCV  
  32  3:45  SCV  
  33  3:49  Marine  
  33  3:51  SCV, Medivac  
  37  3:58  SCV  
  37  3:59  Medivac  
  37  4:01  Marine  
  41  4:05  Widow Mine  
  41  4:06  Marine  
  44  4:11  Supply Depot  
  44  4:18  Marine  
  45  4:24  Marine  
  46  4:32  SCV x2  
  46  4:33  Supply Depot  
  46  4:36  Marine  
  46  4:37  Factory Tech Lab  
  49  4:42  Marine  
  49  4:44  SCV x2  
  52  4:56  Barracks Tech Lab, SCV x2  
  52  4:57  Siege Tank  
  57  5:00  Marine  
  57  5:02  Refinery  
  58  5:08  SCV x2  
  58  5:10  Medivac  
  62  5:25  Command Center  
  62  5:50  Marine  
  62  5:52  Marine, SCV  
  62  5:55  SCV, Siege Tank  
  62  6:01  Medivac  
  62  6:02  Supply Depot  
  55  6:04  SCV  
  55  6:06  Supply Depot  
  55  6:07  SCV  
  55  6:08  Marine, Stimpack, Engineering Bay  
  55  6:10  Marine  
  58  6:16  SCV  
  59  6:19  SCV  
  60  6:26  Marine, Engineering Bay  
  60  6:27  Marine  
  60  6:28  SCV  
  60  6:29  Barracks, Viking  
  60  6:30  Barracks  
  60  6:31  SCV  
  66  6:42  Siege Tank  
  66  6:44  Marine  
  66  6:45  Marine  
  66  6:46  Terran Infantry Weapons Level 1  
  71  6:48  SCV  
  71  6:49  SCV  
  73  7:00  SCV  
  73  7:01  Marine, SCV  
  75  7:03  Marine  
  75  7:06  Refinery  
  77  7:13  Viking, SCV x2  
  81  7:16  Terran Infantry Armor Level 1  
  81  7:19  Marine  
  81  7:20  Barracks Reactor  
  81  7:21  Marine  
  83  7:25  SCV x2  
  83  7:26  Marine  
  86  7:34  Missile Turret  
  86  7:37  Marine, SCV x2  
  86  7:39  Marine  
  86  7:41  Supply Depot  
  86  7:42  Orbital Command  
  86  7:43  Supply Depot, Marine  
  91  7:47  Combat Shield, Refinery  
  91  7:49  SCV  
  92  7:51  Supply Depot  
  92  7:52  Armory, Refinery  
  92  7:54  SCV  
  93  8:03  Marine x5, SCV  
  99  8:06  SCV  
  99  8:10  SCV  
  99  8:11  Armory  
  101  8:15  SCV  
  101  8:16  Missile Turret  
  102  8:20  Marine x2  
  102  8:23  SCV x2  
  106  8:27  SCV  
  107  8:34  Marine x2  
  107  8:35  SCV x2  
  106  8:41  Marine  
  106  8:48  Marine x2  
  104  8:49  Viking x2  
  104  8:51  SCV x3  
  104  8:52  Marine x2  
  104  8:55  Starport, Thor  
  112  8:59  Marine  
  111  9:03  SCV x3, Command Center  
  111  9:06  Missile Turret, Marine x2  
  111  9:08  Terran Ship Weapons Level 1  
  116  9:10  Missile Turret, Marine, Terran Vehicle And Ship Armor Level 1  
  116  9:11  Terran Infantry Weapons Level 2  
  117  9:24  Barracks Reactor  
  117  9:31  Supply Depot  
  117  9:32  Supply Depot  
  117  9:40  Supply Depot  
  117  9:41  Supply Depot  
  117  9:53  Marine x3, SCV x2, Siege Tank  
  117  9:54  Marine, SCV  
  117  9:55  Supply Depot  
  117  9:57  Command Center  
  117  9:58  Viking  
  117  9:59  Supply Depot, Starport Tech Lab  
  129  10:03  Missile Turret  
  129  10:05  SCV x2  
  129  10:06  Marine x2, SCV  
  126  10:10  Marine x3  
  126  10:12  Marine  
  130  10:17  SCV x2  
  130  10:18  SCV  
  133  10:24  Missile Turret, Marine x2  
  133  10:26  Thor  
  133  10:28  Viking, Marine x3, Medivac  
  145  10:29  Marine, SCV x2  
  145  10:32  Supply Depot  
  151  10:36  Supply Depot  
  151  10:41  Terran Infantry Armor Level 2  
  151  10:42  Marine  
  152  10:48  Marine x2  
  152  10:49  Marine x3  
  156  10:51  Missile Turret  
  156  10:57  Barracks  
  156  10:59  Supply Depot, Barracks, Marine  
  156  11:02  Supply Depot  
  157  11:04  Planetary Fortress  
  157  11:06  Marine x2  
  157  11:07  Marine  
  157  11:09  Refinery  
  157  11:11  Refinery  
  163  11:26  Marine x6  
  169  11:38  Viking x2  
  169  11:39  Viking  
  175  11:42  Thor  
  175  11:43  Marine  
  175  11:44  Marine x5  
  184  11:57  SCV x2  
  186  12:01  Barracks Tech Lab, Marine, Barracks Reactor  
  186  12:02  Marine x5  
  186  12:03  Barracks  
  186  12:06  Barracks  
  186  12:08  Viking  
  174  12:19  Marine x3, SCV x4  
  174  12:20  Marine x3  
  179  12:24  Marine  
  179  12:26  Thor  
  179  12:27  Viking, Medivac  
  190  12:31  SCV  
  190  12:36  Factory  
  190  12:37  Marine x5  
  190  12:38  Marine  
  190  12:42  Marine  
  196  12:47  Marine  
  196  12:50  Marine  
  195  12:55  Marine x2  
  194  13:02  Viking x2, Medivac  
  192  13:14  Marine  
  192  13:15  Thor  
  192  13:16  Thor x3, Barracks Reactor  
  189  13:29  Marine  
  189  13:31  Marine  
  186  13:36  Marine x7  
  186  13:41  Viking, Medivac  
  195  13:47  Marine  
  198  13:48  Marine  
  198  13:49  Command Center  
  198  13:53  Missile Turret  
  197  14:26  SCV x2  
  199  14:33  Marine  
  200  14:41  Factory  
  200  14:42  Factory Tech Lab  
  178  15:00  Marine  
  178  15:01  Thor  
  178  15:02  Marine  
  151  15:16  Marine  
  138  15:34  Missile Turret  
  138  15:35  Missile Turret  
  136  15:41  Marine  
  136  15:42  Marine  
  138  15:43  Marine x9  
  138  15:45  Viking  
  138  15:46  Thor, Medivac  
  138  15:47  Factory Tech Lab  
  156  15:53  Planetary Fortress  
  156  15:59  Marine x2  
  156  16:00  Marine, Refinery  
  156  16:01  Marine x8  
  167  16:17  Marine x2  
  167  16:18  Viking x3, Marine  
  173  16:19  Marine x6  
  173  16:22  Terran Infantry Weapons Level 3  
  173  16:23  Marine, Terran Infantry Armor Level 3  
  173  16:24  Thor  
  173  16:25  Thor  
  195  16:36  Marine  
  195  16:38  Missile Turret  
  196  16:41  Missile Turret  
  187  16:55  Marine x4  
  187  16:56  Marine x7  
  187  16:57  Thor  
  157  17:07  Thor x2  
  146  17:13  Marine x10  
  146  17:14  Marine  
  144  17:17  Viking x3  
  134  17:30  Marine  
  134  17:31  Marine x10  
  134  17:34  Barracks  
  145  17:40  Thor, Refinery  
  150  17:47  Viking x2  
  150  17:48  Marine  
  150  17:49  Marine x6  
  150  17:50  Thor  
  155  17:56  Marine  
  155  17:57  Marine x2, Thor  
  162  18:01  Viking  
  162  18:17  Viking  
  164  18:22  Thor  
  164  18:23  Terran Vehicle And Ship Armor Level 2  
  150  18:47  Marine x11  
  126  19:04  Marine  
  126  19:05  Marine x10  
  118  19:22  Marine  
  118  19:23  Marine x10  
  117  19:40  Marine  
  117  19:41  Marine x10  
  94  19:58  Marine x3  
  94  19:59  Marine x6  
  88  20:11  Thor  
  88  20:12  Thor  
  104  20:16  Marine  
Show
View Real Time Build Order
Export as new Build Order

muskrat Zerg 

Build Orders: Hatch First 

Get SALT Encoding   

  12  0:00  Drone  
  13  0:18  Drone, Overlord  
  14  0:37  Drone x2  
  16  0:49  Drone  
  17  0:53  Drone  
  18  1:09  Hatchery, Drone  
  18  1:12  Extractor  
  18  1:16  Spawning Pool  
  16  1:20  Drone  
  18  1:25  Drone  
  18  1:34  Drone  
  19  1:45  Drone  
  20  1:56  Drone  
  21  2:06  Overlord  
  21  2:20  Queen  
  21  2:21  Zergling x2  
  21  2:22  Zergling x2, Queen  
  27  2:25  Metabolic Boost  
  27  2:33  Zergling x2  
  27  2:34  Zergling x2  
  29  2:43  Zergling x4  
  31  2:50  Zergling x2  
  32  2:54  Zergling x2  
  33  3:03  Zergling x2  
  33  3:15  Zergling x6  
  33  3:35  Zergling x6  
  35  3:57  Baneling Nest, Overlord  
  35  3:58  Overlord  
  33  4:13  Roach Warren  
  31  4:17  Drone x4  
  31  4:18  Overlord x2  
  34  4:29  Lair  
  34  4:31  Drone x3, Extractor  
  34  4:32  Drone  
  36  4:58  Drone x3  
  40  5:00  Drone x7  
  40  5:02  Extractor  
  40  5:03  Queen  
  47  5:30  Baneling x2  
  47  5:32  Baneling  
  47  5:43  Roach x2  
  47  5:45  Overlord  
  51  5:52  Spore Crawler  
  51  5:54  Spore Crawler  
  51  5:55  Drone x3  
  52  6:07  Roach x4  
  60  6:31  Overlord x2  
  52  6:45  Overlord x3  
  52  7:17  Roach x7  
  52  7:18  Roach x5  
  76  7:24  Hydralisk Den  
  74  7:51  Evolution Chamber  
  74  7:52  Evolution Chamber  
  74  7:58  Spore Crawler  
  64  7:59  Overlord x2  
  64  8:00  Overlord x3  
  64  8:01  Overlord x2  
  59  8:23  Hydralisk  
  59  8:24  Hydralisk x3  
  67  8:27  Overlord x3  
  67  8:33  Ravager  
  64  8:45  Hydralisk x6  
  70  9:00  Overlord  
  70  9:07  Muscular Augments  
  70  9:14  Zerg Missile Weapons Level 1  
  15  10:48  Drone  
  15  10:49  Drone x5  
  21  11:14  Overlord  
  21  11:15  Overlord  
  21  11:38  Hatchery  
  20  11:50  Drone  
  20  11:51  Drone x2  
  23  12:33  Zerg Ground Armor Level 1  
  23  12:45  Spire  
  22  14:56  Drone x3  
  25  15:21  Extractor  
Show
View Real Time Build Order
Export as new Build Order

diplomacy Terran 

Build Orders: 2 Factory 

Get SALT Encoding   

  12  0:04  SCV  
  13  0:16  SCV  
  14  0:26  Supply Depot  
  14  0:28  SCV  
  15  0:47  SCV  
  15  0:48  Barracks  
  16  1:02  SCV  
  17  1:08  Refinery  
  17  1:14  SCV  
  18  1:26  Command Center  
  18  1:35  Marine  
  18  1:39  SCV, Refinery  
  20  1:53  Supply Depot  
  20  1:54  SCV  
  22  2:07  Orbital Command  
  21  2:17  Factory  
  21  2:21  Barracks Tech Lab  
  21  2:40  SCV  
  21  2:41  Marauder  
  21  2:43  SCV  
  24  2:46  Concussive Shells  
  24  2:52  SCV  
  24  2:56  Orbital Command  
  25  3:04  SCV  
  26  3:09  Factory Tech Lab  
  26  3:10  Marauder  
  28  3:16  SCV  
  29  3:23  Factory  
  29  3:24  SCV  
  30  3:27  Refinery  
  30  3:31  Hellion  
  32  3:36  Marine  
  32  3:38  SCV  
  32  3:40  Infernal Pre-Igniter  
  34  3:47  Armory  
  34  3:48  SCV  
  35  3:55  SCV  
  35  4:01  SCV  
  37  4:07  Cyclone  
  37  4:08  SCV  
  37  4:09  Engineering Bay  
  41  4:13  SCV  
  41  4:14  Refinery  
  42  4:19  Supply Depot  
  42  4:20  SCV  
  43  4:32  SCV  
  44  4:39  Factory Tech Lab  
  44  4:40  Cyclone  
  42  4:47  SCV  
  42  4:49  Marine  
  42  4:51  SCV  
  45  4:55  Factory  
  45  4:56  Terran Vehicle Weapons Level 1  
  45  4:59  Widow Mine  
  47  5:01  Drilling Claws  
  47  5:03  Terran Infantry Weapons Level 1  
  47  5:04  SCV  
  47  5:06  Missile Turret  
  48  5:10  Marine  
  48  5:12  Stimpack  
  49  5:16  SCV  
  50  5:23  Supply Depot  
  50  5:40  SCV  
  50  5:41  SCV  
  52  5:46  Command Center  
  52  5:52  SCV  
  53  5:59  Supply Depot  
  53  6:00  Supply Depot  
  53  6:08  SCV x2  
  53  6:09  Factory Tech Lab  
  53  6:11  Cyclone x2  
  61  6:12  Mag-Field Accelerator  
  61  6:22  SCV  
  61  6:23  SCV  
  63  6:30  Cyclone, Armory  
  66  6:43  Cyclone  
  61  6:47  SCV  
  61  6:51  Thor  
  64  6:56  SCV  
  64  6:57  Terran Vehicle And Ship Armor Level 1  
  64  6:59  SCV  
  64  7:01  Terran Infantry Armor Level 1, Missile Turret  
  66  7:02  Orbital Command, Thor  
  66  7:08  SCV  
  73  7:11  Smart Servos  
  73  7:13  Marine  
  73  7:15  Widow Mine  
  76  7:19  SCV  
  76  7:20  SCV  
  78  7:24  Refinery  
  78  7:25  Refinery  
  78  7:26  Missile Turret  
  78  7:31  Marine, SCV  
  78  7:32  SCV x2  
  78  7:34  Widow Mine  
  84  7:39  Thor  
  84  7:43  SCV  
  91  7:44  SCV x2  
  91  7:47  Supply Depot  
  91  7:48  Supply Depot  
  91  7:49  Supply Depot  
  93  7:55  Command Center  
  93  8:08  Marine  
  93  8:09  SCV x3  
  97  8:21  SCV  
  97  8:24  Hellion x3  
  97  8:25  SCV x2  
  106  8:33  SCV  
  106  8:34  Missile Turret  
  107  8:37  Missile Turret, SCV  
  107  8:40  Marine  
  109  8:45  Factory, Thor  
  109  8:46  Factory  
  115  8:52  SCV  
  115  8:55  Hi-Sec Auto Tracking  
  116  8:57  Supply Depot  
  116  8:58  Supply Depot x2  
  116  8:59  Supply Depot  
  100  9:31  Thor  
  100  9:32  Thor x2  
  100  9:35  Terran Vehicle Weapons Level 2, Factory Tech Lab x2  
  100  9:36  Terran Vehicle And Ship Armor Level 2  
  118  9:39  Orbital Command, Refinery  
  118  9:41  Missile Turret, Refinery  
  112  9:57  Thor x2  
  112  10:03  Marine  
  112  10:04  SCV  
  112  10:07  Supply Depot  
  114  10:08  SCV x3  
  117  10:14  Thor  
  117  10:16  SCV  
  117  10:20  Supply Depot  
  117  10:21  Supply Depot x2, Marine  
  125  10:29  Starport  
  125  10:33  SCV x3  
  128  10:49  Thor  
  136  10:50  Hellion x2  
  136  10:51  Thor  
  136  10:56  Marine  
  145  10:58  Neosteel Armor  
  145  11:04  SCV  
  145  11:07  SCV  
  145  11:08  Cyclone  
  145  11:09  Engineering Bay  
  145  11:11  Thor x2  
  156  11:14  Marine  
  163  11:23  Command Center  
  163  11:25  Missile Turret  
  163  11:26  Sensor Tower  
  163  11:32  Thor  
  169  11:33  Thor  
  169  11:37  Supply Depot  
  175  11:49  Missile Turret  
  144  12:37  Thor x2  
  144  12:38  Thor x2  
  144  12:39  Cyclone  
  144  12:40  Marine  
  144  12:41  Starport Tech Lab  
  172  12:47  SCV  
  137  13:11  Cyclone  
  126  13:15  Orbital Command  
  126  13:19  SCV, Refinery  
  128  13:20  Cyclone x2, Thor, SCV x2, Refinery  
  128  13:21  Thor  
  147  13:43  SCV  
  147  13:46  Thor  
  154  13:52  Thor x2  
  154  13:55  Terran Vehicle Weapons Level 3, Terran Vehicle And Ship Armor Level 3  
  164  13:59  Marine, Medivac  
  167  14:03  Siege Tank  
  167  14:04  Cyclone  
  173  14:17  Marine  
  171  14:29  Hellion  
  173  14:35  Hellion x2  
  173  14:36  Cyclone, Terran Infantry Weapons Level 2, Hellion  
  182  14:39  Terran Infantry Armor Level 2  
  182  14:50  Thor  
  175  15:20  Thor x4  
  132  15:52  Thor  
  121  16:02  Thor  
  121  16:03  Thor x2  
  139  16:06  Factory x2  
  139  16:08  SCV  
  139  16:09  SCV  
  139  16:10  Factory  
  135  16:11  Factory  
  135  16:15  Factory  
  135  16:17  Raven  
  137  16:18  Thor  
  143  16:32  Terran Ship Weapons Level 1  
  143  16:33  Refinery  
  143  16:34  Command Center  
  143  16:35  Thor  
  143  16:37  Refinery  
  143  16:39  Missile Turret  
  149  16:40  Sensor Tower  
  149  16:45  Thor  
  153  17:05  Thor  
  153  17:06  Command Center  
  129  17:29  Factory Tech Lab  
  122  17:30  Factory Tech Lab x3  
  112  17:46  SCV  
  112  17:47  Orbital Command  
  113  17:56  Missile Turret  
  112  17:59  Thor x2, SCV  
  112  18:00  Thor x2  
  137  18:09  SCV  
  138  18:14  Factory Tech Lab  
  138  18:31  Factory Tech Lab  
  138  18:37  Siege Tank x2  
  138  18:38  Thor  
  150  18:48  Thor x2  
  150  18:49  Thor x2  
  150  18:50  Thor  
  150  18:54  Orbital Command  
  180  19:10  Thor x3  
  177  19:39  Thor x3  
  195  19:48  Supply Depot x3  
  195  19:50  Supply Depot x2  
  192  20:00  Cyclone x2  
  192  20:02  Cyclone  
  199  20:08  Terran Ship Weapons Level 2  
  199  20:14  Supply Depot  
  199  20:26  Cyclone x2  
  199  20:27  Factory Tech Lab  
  187  21:02  Thor  
  187  21:03  Cyclone  
  199  21:07  Cyclone x2  
  190  21:20  Orbital Command  
  169  21:28  Cyclone x2  
  152  21:46  Thor x2  
  163  21:47  Thor x2  
  163  21:50  Thor  
  181  21:56  Refinery  
  181  21:59  Thor  
  181  22:09  Barracks  
  181  22:10  Barracks  
  169  22:18  Thor  
  157  22:29  Thor x2  
  169  22:30  Thor x2  
  169  22:33  Thor  
  187  22:43  Cyclone  
  172  22:54  Missile Turret  
  172  23:01  Cyclone  
  174  23:12  Thor x3  
  186  23:14  Thor  
  186  23:16  Thor  
  178  23:29  Marauder x2  
  178  23:32  Factory  
  178  23:33  Factory  
Tags
 
Add a new tag
Caveats
  • Supply blocks, unpowered buildings, or Contaminate may cause inaccurate times.
  • Supply counts are checked every 10 seconds.